 Dungeon Crawl Stone Soup version 0.30-a0-782-ge64f9170bb (webtiles) character file.

Game seed: 18308303134074893218

2116 Barriton the Insei (level 9, -9/71 HPs)
             Began as a Grey Draconian Transmuter on Mar 6, 2023.
             Killed by divine providence
             ... invoked by an orc priest
              (14 damage)
             ... on level 6 of the Dungeon.
             The game lasted 00:09:00 (5126 turns).

Barriton the Insei (Grey Draconian Transmuter)      Turns: 5126, Time: 00:09:01

Health: -9/71      AC: 13    Str: 12    XL:     9   Next: 8%
Magic:  15/16      EV: 13    Int: 15    God:
Gold:   319        SH:  0    Dex: 15    Spells: 14/17 levels left

rFire   . . .      SeeInvis .    l - +2 quarterstaff (chaos)
rCold   . . .      Faith    .    (shield currently unavailable)
rNeg    . . .      Spirit   .    (body armour unavailable)
rPois   .          Reflect  .    (helmet currently unavailable)
rElec   .          Harm     .    m - +0 cloak
rCorr   .          Rampage  .    (no gloves)
Will    .....                    (boots currently unavailable)
Stlth   ++                       (no amulet)
HPRegen 0.31/turn                a - ring of flight
MPRegen 0.15/turn                (no ring)

@: appendages, wereblooded, flying
A: horns 2, talons 2, AC +12, amphibious, unfitting armour, cold-blooded,
stinger 1
a: End Transformation


You were on level 6 of the Dungeon.
You had temporarily grown beastly horns and talons.
You visited 1 branch of the dungeon, and saw 6 of its levels.

You collected 319 gold pieces.

Inventory:

Hand Weapons
 l - a +2 quarterstaff of chaos (weapon)
 o - the +8 sling of the Hills {elec, rElec rC+ Will- Dex+3}
   (You found it on level 5 of the Dungeon)

   Dex:       It affects your dexterity (+3).
   rC:        It protects you from cold.
   rElec:     It insulates you from electricity.
   Will:      It decreases your willpower.
Armour
 m - a +0 cloak (worn)
Jewellery
 a - a ring of flight (left hand)
Wands
 d - a wand of paralysis (29)
 j - a wand of digging (5)
 p - a wand of quicksilver (8)
 r - a wand of flame (19)
Scrolls
 h - a scroll of teleportation
 n - a scroll of fog {unknown}
Potions
 b - a potion of flight {unknown}
 c - a potion of heal wounds
 e - 3 potions of might
 f - 2 potions of cancellation
 g - 2 potions of invisibility
 i - 3 potions of curing
 k - a potion of attraction {unknown}
 q - a potion of brilliance {unknown}
 s - a potion of ambrosia {unknown}


   Skills:
 + Level 4.1 Fighting
 + Level 4.3 Staves
 + Level 3.3 Ranged Weapons
 + Level 4.1 Dodging
 + Level 2.0 Stealth
 + Level 5.7 Unarmed Combat
 + Level 4.9 Spellcasting
 + Level 4.9 Transmutations


You had 14 spell levels left.
You knew the following spells:

 Your Spells              Type           Power      Damage    Failure   Level
a - Beastly Appendage     Tmut           36%        N/A       2%          1
b - Wereblood             Tmut           18%        N/A       3%          2

Your spell library contained the following spells:

 Spells                   Type           Power      Damage    Failure   Level
 Spider Form              Tmut/Pois      11%        N/A       19%         3
 Ice Form                 Ice/Tmut       11%        N/A       52%         4


Dungeon Overview and Level Annotations

Branches:
Dungeon (6/15)             Temple (0/1) D:5

Altars:
Cheibriados
Kikubaaqudgha

Annotations:
D:6 MirrMurr's ghost, novice SpHu


Innate Abilities, Weirdness & Mutations

You have temporarily grown beastly horns and talons.
Your dull iron-grey scales are very hard. (AC +12)
You are amphibious.
You cannot fit into any form of body armour.
You are cold-blooded and may be slowed by cold attacks.
Your tail ends in a venomous barb.


Message History

MirrMurr's ghost burns you.
You miss MirrMurr's ghost. You headbutt MirrMurr's ghost.
MirrMurr's ghost is heavily damaged.
The orc warrior hits you but does no damage.
The orc hits you but does no damage. MirrMurr's ghost hits you.
MirrMurr's ghost burns you.
You are too injured to fight recklessly!
You are too injured to fight recklessly!
You miss MirrMurr's ghost. Your kick misses MirrMurr's ghost.
Your tail-slap misses MirrMurr's ghost.
MirrMurr's ghost is heavily damaged.
The orc warrior hits you with a +0 hand axe!
* * * LOW HITPOINT WARNING * * *
The orc barely misses you.
MirrMurr's ghost hits you but does no damage.
You barely miss MirrMurr's ghost. Your kick misses MirrMurr's ghost.
Your headbutt misses MirrMurr's ghost.
Your tail-slap misses MirrMurr's ghost.
MirrMurr's ghost is heavily damaged.
The orc warrior hits you but does no damage.
The orc hits you but does no damage.
MirrMurr's ghost hits you but does no damage.
You closely miss MirrMurr's ghost. Your kick misses MirrMurr's ghost.
MirrMurr's ghost is heavily damaged.
The orc warrior misses you. The orc closely misses you.
MirrMurr's ghost hits you.
* * * LOW HITPOINT WARNING * * *
MirrMurr's ghost burns you.
* * * LOW HITPOINT WARNING * * *
You hit MirrMurr's ghost. You freeze MirrMurr's ghost.
Your kick misses MirrMurr's ghost.
Your tail-slap misses MirrMurr's ghost.
MirrMurr's ghost is heavily damaged.
The orc warrior barely misses you. The orc hits you with a +0 club.
* * * LOW HITPOINT WARNING * * *
MirrMurr's ghost hits you but does no damage.
The orc hits you but does no damage. MirrMurr's ghost barely misses you.
The orc warrior hits you with a +0 hand axe!
* * * LOW HITPOINT WARNING * * *
The orc priest calls down the wrath of Beogh upon MirrMurr's ghost.
Beogh smites you!
You die...

#8....[_[....8#............#
#.............#............#
#.#8#.o8oo#8#.#............#
#.###ooo.o###.#............#
#....#####....#.......[....#
#.......o.....#............#
######'''######...........##
8............o8.o.##.....##
[........o.....#@#########
#######.......oWo#
############


You could see an orc warrior, an orc priest, MirrMurr's ghost and 3 orcs.

Vanquished Creatures
  Sigmund (D:4)
  A steam dragon (D:6)
  A water moccasin (D:5)
  3 black bears
  An ice beast (D:6)
  2 ogres
  A phantom (D:6)
  A necrophage (D:6)
  3 scorpions
  4 killer bees (D:6)
  A howler monkey (D:6)
  2 hounds
  4 jellies
  Crazy Yiuf (D:4)
  2 orc priests
  4 iguanas
  2 orc wizards (D:5)
  8 adders
  A white imp (D:5)
  An ufetubus (D:5)
  A worm (D:2)
  4 dart slugs
  17 orcs
  6 bats
  14 endoplasms
  5 giant cockroaches
  10 hobgoblins
  10 jackals
  18 kobolds
  A quokka (D:1)
  4 ball pythons
  3 frilled lizards
  6 goblins
  5 rats
148 creatures vanquished.

Vanquished Creatures (others)
  3 fungi (D:2)
  6 toadstools (D:2)
9 creatures vanquished.

Grand Total: 157 creatures vanquished

Notes
Turn   | Place    | Note
-------+----------+-------------------------------------------
     0 | D:1      | Barriton the Draconian Transmuter began the quest for the
                  | Orb.
     0 | D:1      | Reached XP level 1. HP: 16/16 MP: 3/3
   157 | D:1      | Reached XP level 2. HP: 22/23 MP: 3/5
   596 | D:1      | Reached XP level 3. HP: 28/28 MP: 6/6
  1000 | D:2      | Learned a level 2 spell: Wereblood
  1356 | D:2      | Reached XP level 4. HP: 35/35 MP: 6/8
  1701 | D:2      | Reached skill level 4 in Unarmed Combat
  1704 | D:2      | Reached XP level 5. HP: 25/40 MP: 6/9
  1970 | D:2      | Gained mutation: You are agile. (Dex +4, Str/Int -1)
                  | [potion of mutation]
  1970 | D:2      | Gained mutation: Your tail ends in a venomous barb. [potion
                  | of mutation]
  1970 | D:2      | Lost mutation: You are agile. (Dex +4, Str/Int -1) [potion
                  | of mutation]
  2175 | D:3      | Found an ancient bone altar of Kikubaaqudgha.
  2496 | D:4      | Reached XP level 6. HP: 47/47 MP: 9/11
  2557 | D:4      | Reached skill level 1 in Stealth
  2825 | D:4      | Noticed Sigmund
  2843 | D:4      | Killed Sigmund
  2844 | D:4      | Reached skill level 5 in Unarmed Combat
  2844 | D:4      | Your scales start taking on a dull iron-grey colour.
  2844 | D:4      | Reached XP level 7. HP: 48/55 MP: 10/13
  2934 | D:4      | Found a runed translucent door.
  2935 | D:4      | Noticed Crazy Yiuf
  3185 | D:4      | Killed Crazy Yiuf
  3231 | D:5      | Entered Level 5 of the Dungeon
  3428 | D:5      | Identified the +8 sling of the Hills {elec, rElec rC+ Will-
                  | Dex+3}
  3674 | D:5      | Found a staircase to the Ecumenical Temple.
  3742 | D:5      | Reached skill level 1 in Staves
  3742 | D:5      | Reached skill level 1 in Ranged Weapons
  3751 | D:5      | Reached XP level 8. HP: 29/62 MP: 14/14
  4250 | D:6      | Found a snail-covered altar of Cheibriados.
  4324 | D:6      | Found a runed translucent gate.
  4324 | D:6      | Noticed MirrMurr's ghost (novice SpHu)
  4325 | D:6      | Found a runed translucent gate.
  4326 | D:6      | Found a runed translucent gate.
  4697 | D:6      | Identified the +2 sling of Ocke {flame, Dex+2}
  4794 | D:6      | Reached XP level 9. HP: 71/71 MP: 14/16
  5126 | D:6      | Killed from afar by an orc priest

Illustrated notes

Levels and vault maps discovered:
D:1:      psy_arrival_conway, layout_loops_cross
D:2:      cheibrodos_fertilizer, layout_basic, minmay_small_reverse_x
D:3:      layout_basic, lemuel_doored_altar, grunt_ministairs_3
D:4:      layout_rooms, uniq_crazy_yiuf_cottage, uniq_sigmund
D:5:      layout_loops_cross, temple_green
D:6:      layout_rooms, kennysheep_slug_shrine, biasface_ghost_orc_armoury,
          hangedman_decor_clover_reticule

Skill      XL: |  1  2  3  4  5  6  7  8 |
---------------+-------------------------+-----
Dodging        | 2 4 |  4.1
Unarmed Combat | 4 5 |  5.7
Spellcasting   | 3 4 |  4.9
Transmutations | 3 4 |  4.9
Stealth        | 1 2 |  2.0
Fighting       | 2 4 |  4.1
Staves         | 1 4 |  4.3
Ranged Weapons | 2 3 |  3.3

Action                     |  1- 3 |  4- 6 |  7- 9 || total
---------------------------+-------+-------+-------++-------
  Melee: Unarmed           |   120 |   109 |    19 ||   248
         Kick              |    25 |    26 |    16 ||    67
         Headbutt          |    13 |    18 |    10 ||    41
         Tailslap          |    12 |    17 |    15 ||    44
         Punch             |       |     2 |       ||     2
         Quarterstaff      |       |       |   116 ||   116
   Fire: Sling             |       |       |    70 ||    70
   Cast: Beastly Appendage |    28 |    20 |    20 ||    68
         Wereblood         |       |     5 |     9 ||    14
    Use: Scroll            |     6 |     6 |     1 ||    13
         Potion            |       |     1 |     1 ||     2
   Stab: Sleeping          |       |     2 |       ||     2
 Armour: Skin              |    43 |    27 |   108 ||   178
  Dodge: Dodged            |    74 |    62 |   161 ||   297

Table legend: (Time is in decaauts)
 A = Elapsed time spent in this place.
 B = Non-inter-level travel time spent in this place.
 C = Inter-level travel time spent in this place.
 D = Time resting spent in this place.
 E = Time spent auto-exploring this place.
 F = Levels seen in this place.
 G = Mean time per level.
                   A        B        C        D        E       F      G
               +--------+--------+--------+--------+--------+-----+--------+
         Total |   5154 |   4964 |    190 |      0 |   3946 |   6 |  859.0 |
       Dungeon |   5154 |   4964 |    190 |      0 |   3946 |   6 |  859.0 |
               +--------+--------+--------+--------+--------+-----+--------+

Top non-repeatable levels by time:
     D:2: 1076 daAuts
     D:5: 1023 daAuts
     D:1: 973 daAuts
     D:6: 910 daAuts
     D:4: 744 daAuts
     D:3: 426 daAuts
